 Dungeon Crawl Stone Soup version 0.29-a0-418-gc0181ea820 (webtiles) character file.

Game seed: 9767808823712590840

639 snetch the Chopper (level 7, -2/91 HPs)
             Began as a Minotaur Berserker on May 17, 2022.
             Was a Believer of Trog.
             Slain by a gnoll
             ... wielding a +0 halberd
             ... led by a gnoll shaman
              (9 damage)
             ... on level 5 of the Dungeon.
             The game lasted 00:06:36 (3539 turns).

snetch the Chopper (Minotaur Berserker)             Turns: 3539, Time: 00:06:37

Health: -2/91      AC: 23    Str: 23    XL:     7   Next: 26%
Magic:  6/6        EV:  2    Int:  4    God:    Trog [**....]
Gold:   323        SH:  0    Dex: 10    Spells: 6/6 levels left

rFire   . . .      SeeInvis .   b - +0 quarterstaff
rCold   . . .      Faith    .   (shield currently unavailable)
rNeg    + . .      Spirit   .   (body armour currently unavailable)
rPois   +          Reflect  .   (helmet currently unavailable)
rElec   .          Harm     .   (cloak currently unavailable)
rCorr   .          Rampage  .   (gloves currently unavailable)
Will    .....      NoTele   +   (boots currently unavailable)
Stlth   +.........              (no amulet)
HPRegen 0.25/turn               y - ring of positive energy
MPRegen 0.10/turn               (no ring)

@: tree-form, on berserk cooldown, slowed, very slow
A: stationary, stasis, torment immunity, boosted hp, (horns 2), (retaliatory
headbutt)
a: Renounce Religion, Berserk, Trog's Hand


You were on level 5 of the Dungeon.
You worshipped Trog.
Trog was pleased with you.
You were a tree.
You visited 1 branch of the dungeon, and saw 5 of its levels.

You collected 323 gold pieces.

Inventory:

Hand Weapons
 a - a +0 hand axe
 b - a +0 quarterstaff (weapon)
 c - a +0 halberd
 d - a +0 vorpal hand crossbow
Missiles
 n - 5 boomerangs (quivered)
 p - 40 stones
Armour
 B - a +2 plate armour of fire resistance (melded)
Jewellery
 y - a ring of positive energy (left branch)
 C - a ring of see invisible
Scrolls
 i - 2 scrolls of teleportation {unknown}
 k - a scroll of fear {unknown}
 l - a scroll of enchant armour {unknown}
 m - 2 scrolls of poison {unknown}
 q - a scroll of noise {unknown}
 r - a scroll of vulnerability {unknown}
 s - a scroll of acquirement {unknown}
 w - a scroll of magic mapping {unknown}
 D - 8 scrolls of identify {unknown}
Potions
 e - a potion of brilliance
 f - 2 potions of flight {unknown}
 g - a potion of ambrosia {unknown}
 h - a potion of curing {unknown}
 j - a potion of might {unknown}
 o - a potion of haste {unknown}
 t - a potion of degeneration {unknown}
 u - a potion of cancellation {unknown}
 v - a potion of magic {unknown}
 x - a potion of attraction {unknown}
 z - 2 potions of lignification
 A - 2 potions of heal wounds {unknown}


   Skills:
 + Level 5.2 Fighting
 + Level 6.0 Axes
 + Level 2.9 Staves
 + Level 1.0 Throwing
 + Level 5.7 Armour
 + Level 3.4 Dodging
 + Level 0.3 Stealth


You had 6 spell levels left.
You didn't know any spells.
Your spell library was empty.

Dungeon Overview and Level Annotations

Branches:
Dungeon (5/15)
 Temple: D:4-7

Altars:
Gozag
Wu Jian


Innate Abilities, Weirdness & Mutations

You are a tree.
Your roots penetrate the ground, keeping you stationary.
You cannot be teleported.
You are immune to unholy pain and torment.
Your maximum health is greatly increased.
Your equipment is partially melded.
((You have a pair of horns on your head.))
((You reflexively headbutt those who attack you in melee.))


Message History

You struggle against the net.
The gnoll barely misses you.
The gnoll hits you from afar with a +0 halberd.
Unknown command.
You struggle against the net.
You feel a strong urge to attack something.
You are no longer berserk.
You are exhausted.
You feel yourself slow down.
The gnoll hits you from afar with a +0 spear.
The gnoll hits you but does no damage. x2
You tear a large gash into the net.
The gnoll barely misses you. The gnoll hits you but does no damage.
The adder bites you but does no damage.
The gnoll hits you from afar with a +0 spear.
The gnoll hits you but does no damage. The adder barely misses you.
The gnoll hits you with a +0 club.
The gnoll hits you from afar with a +0 spear.
* * * LOW HITPOINT WARNING * * *
The gnoll hits you but does no damage.
You rip the net and break free!
The adder barely misses you.
The gnoll hits you from afar with a +0 spear.
* * * LOW HITPOINT WARNING * * *
The gnoll barely misses you. The gnoll hits you but does no damage.
The adder bites you but does no damage.
The gnoll hits you from afar with a +0 halberd.
* * * LOW HITPOINT WARNING * * *
The gnoll closely misses you. The gnoll hits you but does no damage.
It was a potion of lignification.
You turn into a tree.
Your +2 plate armour of fire resistance melds into your body.
You feel less resistant to fire.
Your roots penetrate the ground.
The gnoll hits you from afar with a +0 spear.
* * * LOW HITPOINT WARNING * * *
The gnoll hits you but does no damage. The adder bites you but does no damage.
The gnoll hits you but does no damage.
The gnoll hits you from afar with a +0 halberd!
* * * LOW HITPOINT WARNING * * *
The gnoll hits you but does no damage. The adder bites you but does no damage.
You barely miss the gnoll.
The gnoll hits you but does no damage. x2
The adder bites you but does no damage.
The gnoll hits you from afar with a +0 halberd!
You die...

...............
...............
...............
............>..
...............
.........g.....
.......)†......
.......♣Sg.....
.......g.......
...............
...............
...............
...............
...............
...$..♣♣♣♣♣♣♣♣♣
.....♣


You could see 3 gnolls and an adder.

Vanquished Creatures
  A black bear (D:5)
  An ogre (D:3)
  A centaur (D:5)
  A hound (D:3)
  A gnoll shaman (D:5)
  2 iguanas
  Natasha (thrice) (D:2)
  5 gnolls
  7 adders
  5 dart slugs
  6 ball pythons
  5 endoplasms
  5 giant cockroaches
  7 goblins
  9 hobgoblins
  7 jackals (D:1)
  8 kobolds
  6 quokkas
  7 bats
  A frilled lizard (D:2)
  2 rats
90 creatures vanquished.

Vanquished Creatures (others)
  3 toadstools (D:2)
3 creatures vanquished.

Grand Total: 93 creatures vanquished

Notes
Turn   | Place    | Note
-------+----------+-------------------------------------------
     0 | D:1      | snetch the Minotaur Berserker began the quest for the Orb.
     0 | D:1      | Reached XP level 1. HP: 19/19 MP: 0/0
   182 | D:1      | Reached XP level 2. HP: 27/27 MP: 1/1
   185 | D:1      | Reached skill level 4 in Axes
   386 | D:1      | Reached XP level 3. HP: 33/33 MP: 2/2
   540 | D:1      | Reached ** piety under Trog
   633 | D:1      | Found a faded altar of an unknown god.
   768 | D:2      | Reached XP level 4. HP: 41/41 MP: 3/3
  1209 | D:3      | Reached skill level 5 in Axes
  1338 | D:2      | Noticed Natasha
  1343 | D:2      | Killed Natasha
  1503 | D:2      | Noticed Natasha
  1506 | D:2      | Killed Natasha
  1507 | D:2      | Reached XP level 5. HP: 43/47 MP: 4/4
  1579 | D:2      | Noticed Natasha
  1584 | D:2      | Killed Natasha
  1585 | D:2      | Reached skill level 1 in Staves
  1710 | D:3      | Noticed an ogre
  1713 | D:3      | Killed an ogre
  1735 | D:4      | Reached XP level 6. HP: 55/55 MP: 5/5
  1895 | D:3      | Found an ornate altar of the Wu Jian Council.
  1990 | D:3      | Found an opulent altar of Gozag.
  2979 | D:5      | Entered Level 5 of the Dungeon
  3318 | D:4      | Reached skill level 5 in Armour
  3525 | D:5      | Reached skill level 5 in Fighting
  3527 | D:5      | Reached skill level 6 in Axes
  3527 | D:5      | Reached XP level 7. HP: 60/61 MP: 6/6
  3534 | D:5      | Reached skill level 1 in Throwing
  3539 | D:5      | Slain by a gnoll

Illustrated notes

Levels and vault maps discovered:
D:1:      evilmike_arrival_grusome_pit, layout_rooms,
          shapermc_ecumenical_altar_pompeii, minmay_misc_feat_four_crosses
D:2:      layout_loops_cross, minmay_gold_behind_fungi,
          kennysheep_generic_room_4, uniq_natasha
D:3:      layout_loops_corners, mainiacjoe_overflow_small_starburst,
          nicolae_wu_jian_wuxing_cycle, st_stairs_6
D:4:      layout_basic, uniq_eustachio
D:5:      layout_basic, zin_purify, mainiacjoe_overflow_paths,
          minmay_temple_entry_water_ring, dreamdust_gnoll_farm

Skill      XL: |  1  2  3  4  5  6  7 |
---------------+----------------------+-----
Axes           | 4 5 6 |  6.0
Fighting       | 4 5 |  5.2
Armour         | 3 4 5 |  5.7
Staves         | 1 2 |  2.9
Dodging        | 3 |  3.4
Throwing       | 1 |  1.0
Stealth        | |  0.3

Action                   |  1- 3 |  4- 6 |  7- 9 || total
-------------------------+-------+-------+-------++-------
Melee: Hand axe          |    55 |    53 |       ||   108
       Headbutt          |    10 |    16 |     1 ||    27
       Quarterstaff      |       |    67 |     8 ||    75
Throw: Boomerang         |       |     1 |       ||     1
Invok: Berserk           |       |     3 |       ||     3
  Use: Potion            |       |       |     1 ||     1
Armor: Ring mail         |    21 |       |       ||    21
       Animal skin       |     1 |       |       ||     1
       Scale mail        |     5 |    45 |       ||    50
       Plate armour      |       |    18 |    12 ||    30
       Skin              |       |       |     8 ||     8
Dodge: Dodged            |    46 |    80 |    10 ||   136

Table legend: (Time is in decaauts)
 A = Elapsed time spent in this place.
 B = Non-inter-level travel time spent in this place.
 C = Inter-level travel time spent in this place.
 D = Time resting spent in this place.
 E = Time spent auto-exploring this place.
 F = Levels seen in this place.
 G = Mean time per level.
                   A        B        C        D        E       F      G
               +--------+--------+--------+--------+--------+-----+--------+
         Total |   3601 |   3431 |    170 |      0 |   2541 |   5 |  720.2 |
       Dungeon |   3601 |   3431 |    170 |      0 |   2541 |   5 |  720.2 |
               +--------+--------+--------+--------+--------+-----+--------+

Top non-repeatable levels by time:
     D:3: 1368 daAuts
     D:2: 1021 daAuts
     D:1: 637 daAuts
     D:4: 550 daAuts
     D:5: 23 daAuts
